 Dungeon Crawl Stone Soup version 0.19-a0-4-ga5c5ac4 (webtiles) character file.

1107851 Chiseanne the Axe Maniac (level 27, -11/226 HPs)
             Began as a Troll Monk on Apr 28, 2016.
             Was a High Priest of Okawaru.
             Mangled by Waomoeq the pandemonium lord (38 damage)
             ... in Pandemonium.
             The game lasted 12:54:22 (86077 turns).

Chiseanne the Axe Maniac (Troll Monk)              Turns: 86077, Time: 12:54:23

Health: -11/226    AC: 39    Str: 35    XL:     27
Magic:  0/27       EV: 26    Int: 12    God:    Okawaru [*****.]
Gold:   5113       SH:  0    Dex: 22    Spells: 8 memorised, 21 levels left

rFire  + + .     SeeInvis +     a - +4 battleaxe of Valiance {holy, rC+ Str+4 Int+6}
rCold  + + .     Gourm    +     e - +12 gold dragon armour
rNeg   + + +     Faith    .     (shield currently unavailable)
rPois  +         Spirit   +     S - +2 hat {Spirit}
rElec  .         Dismiss  .     t - +0 cloak of Ijacenoekk {rF+ rN+ Str+4}
rCorr  .         Reflect  .     (gloves unavailable)
SustAt +         Harm     .     (boots unavailable)
MR     ++...     Rnd*Tele +     U - amulet of the Republic {*Drain rN++ Regen+ Dex+5 SInv}
Stlth  ..........               g - +6 ring of slaying
                                D - ring of Disaster {SustAt Slay+6}

@: about to teleport, heroism, finesse, very resistant to hostile enchantments,
extremely unstealthy
A: unfitting armour, antennae 1, claws 3, blurry vision 1, clumsy 2, deformed
body, deterioration 2, fast metabolism 3, frail 3, gourmand, low mp 1,
regeneration 2, shaggy fur 1, teleportitis 1, tough skin 2, no device heal 1
a: Heroism, Finesse, Renounce Religion
}: 9/15 runes: serpentine, barnacled, slimy, silver, abyssal, glowing, magical,
fiery, dark


You were in Pandemonium.
You worshipped Okawaru.
Okawaru was extremely pleased with you.
You were not hungry.

You visited 11 branches of the dungeon, and saw 55 of its levels.
You visited Pandemonium 3 times, and saw 71 of its levels.
You visited the Abyss 4 times.
You visited 1 ziggurat, and saw 17 of its levels.
You also visited: Trove, Sewer, Ice Cave and Volcano.

You collected 11793 gold pieces.
You spent 6680 gold pieces at shops.

Inventory:

Hand Weapons
 a - the +4 battleaxe of Valiance (weapon) {holy, rC+ Str+4 Int+6}
   (You bought it in a shop on level 12 of the Dungeon)

   It has been blessed by the Shining One to cause great damage to the undead
   and demons.
   It affects your strength (+4).
   It affects your intelligence (+6).
   It protects you from cold.
 d - a +6 battleaxe of flaming
 j - a +5 executioner's axe of venom
 s - a +9 executioner's axe of freezing {god gift}
Missiles
 l - 17 javelins of penetration
 R - 87 large rocks (quivered)
 X - 83 silver javelins
 Y - 7 throwing nets {!*}
Armour
 e - a +12 gold dragon armour (worn)
 t - the +0 cloak of Ijacenoekk (worn) {rF+ rN+ Str+4}
   (You acquired it on level 15 of the Dungeon)

   It affects your strength (+4).
   It protects you from fire.
   It protects you from negative energy.
 S - a +2 hat of spirit shield (worn)
Rods
 F - a +5 lightning rod (12/12)
   (You found it on level 2 of the Depths)
 M - a +7 rod of shadows (9/9)
   (You found it in Pandemonium)
Jewellery
 g - a +6 ring of slaying (right claw)
 i - the ring of Vehumet's Vengeance {rElec rPois MR+ MP-9}
   (You found it on level 7 of a ziggurat)

   [ring of poison resistance]

   It insulates you from electricity.
   It protects you from poison.
   It affects your resistance to hostile enchantments.
   It affects your magic capacity (-9).
 D - the ring of Disaster (left claw) {SustAt Slay+6}
   (You bought it in a shop on level 2 of the Vaults)

   [ring of sustain attributes]

   It sustains your strength, intelligence and dexterity.
   It affects your accuracy and damage with ranged weapons and melee attacks
   (+6).
 U - the amulet of the Republic (around neck) {*Drain rN++ Regen+ Dex+5 SInv}
   (You found it on level 7 of the Lair of Beasts)

   [amulet of regeneration]

   It affects your dexterity (+5).
   It greatly protects you from negative energy.
   It lets you see invisible.
   It increases your rate of regeneration.
   It causes draining when unequipped.
Wands
 n - a wand of heal wounds (4/9)
 u - a wand of teleportation (6/9)
 w - a wand of teleportation (2/9)
 E - a wand of hasting (5/9)
 O - a wand of teleportation (1/9)
 Z - a wand of disintegration (8/24)
Scrolls
 m - 31 scrolls of remove curse
 p - 5 scrolls of teleportation
 x - 14 scrolls of magic mapping
 z - 5 scrolls of fog
 B - 18 scrolls of identify
 G - 4 scrolls of blinking
 H - a scroll of brand weapon
 I - a scroll of enchant weapon
 J - a scroll of acquirement
 V - 9 scrolls of immolation
Potions
 c - 11 potions of magic
 f - 2 potions of heal wounds
 h - 4 potions of berserk rage
 q - 8 potions of ambrosia
 A - 29 potions of curing
 K - 10 potions of brilliance
 N - 10 potions of flight
 P - 2 potions of haste
 T - 6 potions of resistance
 W - 7 potions of cancellation
Miscellaneous
 k - a stone of tremors
 o - a lamp of fire
 v - a sack of spiders {used: 2}
 y - a phial of floods
 C - a fan of gales
 Q - a sack of spiders {used: 9}
Comestibles
 b - 23 bread rations
 r - 32 meat rations
 L - a beef jerky


   Skills:
 O Level 27 Fighting
 O Level 27 Axes
   Level 8.7(15.0) Slings
 - Level 10.2(17.1) Throwing
 - Level 22.0(27) Armour
 + Level 22.6(27) Dodging
 - Level 1.1(6.1) Stealth
 - Level 4.0(9.0) Unarmed Combat
 - Level 5.6 Spellcasting
 - Level 10.6 Charms
 - Level 3.7 Translocations
 - Level 10.0 Invocations
 - Level 10.9 Evocations


You had 21 spell levels left.
You knew the following spells:

 Your Spells              Type           Power        Failure   Level  Hunger
a - Song of Slaying       Chrm           ####....     1%          2    ##.....
b - Shroud of Golubria    Chrm/Tloc      ###.......   8%          2    ##.....
c - Repel Missiles        Chrm/Air       ###...       14%         2    ##.....
d - Blink                 Tloc           N/A          28%         2    ##.....
e - Summon Butterflies    Summ           #.......     86%         1    None
f - Apportation           Tloc           ##........   17%         1    None
g - Regeneration          Chrm/Necr      ###.......   30%         3    ###....
h - Spectral Weapon       Hex/Chrm       ###.....     30%         3    ###....


Dungeon Overview and Level Annotations

Branches:
Dungeon (15/15)            Temple (1/1) D:4            Lair (8/8) D:10
 Shoals (4/4) Lair:6        Snake (4/4) Lair:3        Slime (6/6) Lair:7
    Orc (2/2) D:10            Elf (3/3) Orc:2        Vaults (5/5) D:14
  Crypt (3/3) Vaults:3       Tomb (0/3) Crypt:3      Depths (4/5) D:15

Altars:
Ashenzari
Cheibriados
Dithmenos
Elyvilon
Fedhas
Gozag
Kikubaaqudgha
Makhleb
Nemelex Xobeh
Okawaru
Pakellas
Qazlal
Ru
Sif Muna
Trog
Vehumet
Xom
Yredelemnul
Zin
The Shining One
Beogh
Jiyva

Shops:
D:5 %   D:12 (   D:14 %!!*   Orc:2 }*%(   Elf:2 [   Elf:3 :   Vaults:2 =
Vaults:3 }   Vaults:4 }?[*=   Depths:4 :

Portals:
Hell: Depths:1 Depths:2 Depths:3 Depths:4
Abyss: Depths:1 Depths:2 Depths:4
Pandemonium: Depths:2 Depths:3 Depths:4

Annotations:
Orc:2 exclusion: upstairs
Elf:2 3 runed doors
Depths:1 exclusion: downstairs


Innate Abilities, Weirdness & Mutations

You are too large for most types of armour.
You have claws for hands.
Your metabolism is lightning-fast.
You like to eat raw meat.
You heal very quickly.
You are covered in fur (AC +1).
You have very tough skin (AC +2).
You have a pair of small antennae on your head.
Scrolls take you a little longer to read.
You are very clumsy. (Dex -4)
Armour fits poorly on your strangely shaped body.
Your body often deteriorates upon taking damage.
You are extremely frail (-30% HP).
Your magical capacity is low (-10% MP).
You are occasionally teleported next to monsters.
Potions and wands are less effective at restoring your health.


Message History

[Y]es or [N]o only, please.
Really read with blurry vision while enemies are nearby? [Y]es or [N]o only, please.
Really read with blurry vision while enemies are nearby?
Waomoeq completely misses you.
You begin reading the scroll.
You continue reading the scroll.
Waomoeq hits you!!
* * * LOW HITPOINT WARNING * * *
Waomoeq freezes you.
* * * LOW HITPOINT WARNING * * *
Waomoeq hits you!!!
* * * LOW HITPOINT WARNING * * *
Waomoeq freezes you.
* * * LOW HITPOINT WARNING * * *
You hear an angry buzzing noise.
As you read the scroll of teleportation, it crumbles to dust.
You feel strangely unstable.
Drink which item? (? for menu, Esc to quit)
You feel much better. Waomoeq hits you!!!
You die...

##.....###......
#.....## ##...#.
.#######.....#
#....#
.............#
#.....
######......#
#.....
#....'##....#
#.....
..'#.....##...#
#...(.
##.....#...#
.....
#..@.###...#
...#. ####&#
..... ...#.
#2{#..#..... ..
## ..'## ..# +∩φ
..+ #. !.# # ..#
#.# ##


You could see Waomoeq.

Vanquished Creatures
  Cerebov (Pan)
  the Royal Jelly (Slime:6)
  Ignacio (Pan)
  Mnoleg (Pan)
  29 pandemonium lords
  Lom Lobon (Pan)
  5 ancient liches
  Mara (Depths:1)
  Boris (Vaults:4)
  2 greater mummies
  Vashnia (Snake:4)
  Saint Roka (Orc:2)
  Norris (Depths:2)
  A curse toe (Crypt:3)
  Nikola (Snake:4)
  3 golden dragons
  A profane servitor (Abyss:3)
  12 Tzitzimimeh
  23 Brimstone Fiends
  Jorgrun (Vaults:5)
  3 bone dragons
  17 Ice Fiends
  2 hellephants
  A deep elf master archer (Elf:3)
  15 Hell Sentinels
  3 quicksilver dragons
  9 liches
  11 titans
  2 deep elf blademasters (Elf:3)
  6 tentacled monstrosities
  13 acid blobs
  4 tentacled starspawn
  Gastronok (Lair:2)
  7 ancient champions
  44 Executioners
  5 sphinxes
  A thorn hunter (Zig:15)
  7 shadow dragons
  A sphinx (shapeshifter) (Zig:7)
  4 tengu reavers
  Kirke (Shoals:2)
  4 storm dragons (Vaults:5)
  Ilsuiw (Shoals:4)
  2 draconian monks
  A frost giant (shapeshifter) (Depths:2)
  A fire giant (shapeshifter) (Zig:7)
  14 azure jellies
  3 fire giants
  5 frost giants
  7 revenants
  Maud (D:11)
  Donald (Orc:2)
  10 greater nagas
  4 ghost moths
  14 deep elf sorcerers
  3 iron dragons
  23 warmongers
  A draconian zealot (Zig:13)
  A draconian scorcher (Zig:9)
  Aizul (Snake:4)
  A caustic shrike zombie (Zig:12)
  A draconian shifter (Zig:2)
  4 draconian knights
  42 cacodemons
  7 deep elf elementalists
  12 vault wardens
  3 curse skulls
  49 balrugs
  36 very ugly things
  5 spriggan defenders
  2 juggernaut zombies (Depths:4)
  9 war gargoyles
  4 draconian annihilators
  10 ironheart preservers
  5 angels
  7 ghouls
  21 reapers
  5 draconian callers
  An ophan (Abyss:1)
  37 lorocyprocas (Pan)
  28 blood saints
  33 corrupters
  9 deep elf demonologists
  Nessos (D:13)
  A green draconian (Zig:13)
  18 stone giants
  2 spark wasps (shapeshifter)
  7 vampire knights
  3 black draconians (Zig:13)
  A salamander stormcaller (Vaults:4)
  2 red draconians (Zig:13)
  2 purple draconians (Zig:13)
  2 yellow draconians
  17 dire elephants
  31 chaos champions
  9 deep elf annihilators
  20 black suns
  7 eidola
  A spark wasp (Depths:1)
  32 blizzard demons
  11 ettins
  56 green deaths
  6 deep elf death magi
  A crystal guardian (Vaults:4)
  8 jiangshi
  30 vault guards
  5 deep elf high priests
  8 merfolk javelineers
  10 fire dragons
  21 yaktaur captains
  6 death oozes (Slime:6)
  2 mummy priests (Crypt:3)
  Josephine (D:13)
  9 great orbs of eyes
  8 merfolk impalers
  Fannar (Lair:3)
  7 entropy weavers
  12 rakshasas
  A quicksilver dragon skeleton (Pan)
  5 ice dragons
  33 monstrous demonspawn (Pan)
  14 naga warriors
  8 ogre magi
  A great orb of eyes (shapeshifter) (Vaults:3)
  An anaconda (shapeshifter) (Zig:7)
  A ghost crab (shapeshifter) (Depths:1)
  2 catoblepae
  2 ghost crabs (Zig:15)
  12 hydras
  13 hell beasts
  3 merfolk aquamancers (Shoals:4)
  8 death knights
  5 spriggan air magi
  2 alligators (Zig:15)
  12 dancing weapons
  2 merfolk avatars
  9 anacondas
  11 centaur warriors
  10 deep troll shamans
  3 tengu warriors
  4 vampire magi
  3 hell hogs (Pan)
  8 deep troll earth magi
  9 death yaks
  15 naga sharpshooters
  6 shock serpents
  Urug (Orc:1)
  2 titan zombies
  5 holy swine (Pan)
  4 orc high priests
  7 spriggans
  5 spriggan berserkers
  10 thrashing horrors
  Nergalle (D:11)
  71 soul eaters
  6 shadow wraiths
  A titan skeleton (Pan)
  115 sun demons
  A storm dragon zombie (Vaults:1)
  7 salamander mystics
  3 wretched stars
  4 iron trolls
  A storm dragon skeleton (Pan)
  8 deep elf knights
  7 spatial maelstroms
  A fire crab (Vaults:4)
  2 spark wasp zombies
  7 sea snakes
  A death drake (Zig:15)
  3 golden dragon zombies (Depths:4)
  9 hell knights
  29 gelid demonspawn (Pan)
  A ghost moth zombie (Crypt:1)
  6 naga ritualists
  25 skeletal warriors
  An anaconda zombie (Crypt:1)
  25 deep trolls
  A cherub (Pan)
  28 shadow demons (Pan)
  2 giant orange brains
  12 deep elf archers
  2 flayed ghosts
  A swamp dragon (Zig:15)
  4 hill giants
  An obsidian statue (Zig:5)
  37 putrid demonspawn
  2 shadow dragon zombies
  4 lindwurms
  31 torturous demonspawn
  A tengu zombie (Vaults:2)
  12 phantasmal warriors
  2 shambling mangroves (Zig:15)
  2 hill giants (shapeshifter)
  Pikel (D:3)
  38 infernal demonspawn (Pan)
  17 necromancers
  An orb spider (Zig:1)
  9 ironbrand convokers
  A sphinx zombie (Depths:4)
  A wolf spider zombie (Crypt:3)
  16 orc knights
  5 harpies
  9 salamanders
  14 wizards
  2 iron dragon zombies
  9 griffons
  4 wolf spiders
  11 mana vipers
  8 orc sorcerers
  2 salamanders (shapeshifter)
  3 shining eyes
  2 hornets
  6 fauns
  32 deep elf magi
  A faun (shapeshifter) (Vaults:5)
  74 ugly things
  7 cyclopes
  63 sixfirhies
  5 manticores
  3 worldbinders (Abyss:2)
  An iron dragon skeleton (Pan)
  5 stone giant skeletons
  4 frost giant zombies
  A stone giant zombie (Zig:6)
  A guardian serpent (shapeshifter) (Depths:2)
  20 vault sentinels
  An ice statue (IceCv)
  8 guardian serpents
  7 sirens
  3 centaur zombies
  An eye of devastation (shapeshifter) (Depths:2)
  2 drowned souls (Abyss:3)
  30 black mambas
  17 rust devils
  Psyche (D:11)
  5 water nymphs
  4 elephants
  6 torpor snails (Lair:8)
  111 smoke demons
  15 spiny frogs
  A shock serpent skeleton (Pan)
  An eye of devastation (Slime:1)
  4 rime drakes
  A fire giant skeleton (Vaults:1)
  15 naga magi
  5 gargoyles
  49 orange demons
  5 human zombies
  A spiny frog (shapeshifter) (Depths:2)
  A white draconian zombie (Crypt:1)
  A salamander skeleton (Vaults:1)
  7 efreet
  A komodo dragon (shapeshifter) (Depths:3)
  21 demonic crawlers
  2 dire elephant skeletons (Pan)
  26 hellions
  66 yaktaurs
  A grey draconian zombie (Crypt:3)
  A kobold demonologist (Depths:4)
  2 anaconda simulacra
  12 freezing wraiths
  4 human skeletons
  A mottled draconian skeleton (Crypt:3)
  39 tormentors
  16 ice devils
  87 hellwings
  6 jumping spiders
  60 red devils
  25 merfolk
  A white draconian skeleton (Crypt:3)
  11 ancient zymes
  11 komodo dragons
  5 trolls
  A death yak skeleton (Crypt:3)
  2 wind drakes (Shoals:4)
  A grey draconian skeleton (Crypt:3)
  2 trolls (shapeshifter)
  12 guardian mummies
  An entropy weaver zombie (Crypt:1)
  23 polar bears
  7 giant leeches
  2 shadow dragon simulacra
  A blink frog (shapeshifter) (Vaults:5)
  31 blink frogs
  4 tengu conjurers
  9 boulder beetles
  6 bog bodies
  A harpy skeleton (Pan)
  A griffon zombie (Crypt:3)
  An ice dragon zombie (Crypt:1)
  19 two-headed ogres
  67 slime creatures
  2 ushabtiu (Crypt:3)
  10 raiju
  11 flying skulls
  4 snapping turtles
  14 redbacks
  4 air elementals
  An ettin skeleton (Abyss:3)
  3 spriggans (shapeshifter)
  2 vampires
  110 ynoxinuls
  2 shadows
  16 wraiths
  6 tarantellas
  A fire dragon skeleton (Pan)
  An ice dragon skeleton (Crypt:3)
  110 large abominations
  A tarantella (shapeshifter) (Vaults:5)
  3 wyverns
  A black mamba skeleton (Crypt:3)
  An elf zombie (Zig:12)
  2 fire elementals
  A fire bat (Abyss:2)
  Eustachio (D:5)
  3 hogs (Shoals:2)
  2 basilisks (shapeshifter)
  3 golden eyes (Pan)
  68 yaks
  7 basilisks
  5 water elementals
  51 chaos spawn
  A steam dragon (D:11)
  20 vampire mosquitoes
  53 neqoxecs
  12 hippogriffs
  8 hungry ghosts
  7 insubstantial wisps
  16 wargs
  53 nagas
  A naga (shapeshifter) (Depths:1)
  3 soldier ants (shapeshifter)
  A water nymph zombie (Crypt:1)
  4 spatial vortices
  21 water moccasins
  12 porcupines
  13 hell hounds
  A giant eyeball (Depths:2)
  A deep troll skeleton (Vaults:2)
  An orc zombie (Vaults:2)
  14 black bears
  5 ice beasts
  3 swamp drakes (Zig:15)
  Purgy (Sewer)
  52 orc warriors
  4 sky beasts
  A slave (D:3)
  40 ogres
  14 wasps
  3 necrophages
  The ghost of Rationalist the Skirmisher, an amateur DsBe of Trog (D:3)
  A manticore zombie (Crypt:2)
  A lindwurm zombie (Crypt:2)
  13 boggarts
  5 eyes of draining
  37 wolves
  36 centaurs
  A crocodile (shapeshifter) (D:15)
  17 crocodiles
  5 big kobolds
  A yaktaur zombie (Vaults:1)
  3 earth elementals
  A fire crab zombie (Crypt:1)
  22 giant frogs
  A water moccasin skeleton (D:7)
  2 scorpions
  12 small abominations
  A warg skeleton (Crypt:1)
  26 killer bees
  A snapping turtle simulacrum (Abyss:3)
  5 human simulacra
  A hippogriff skeleton (Crypt:1)
  5 wights
  2 howler monkeys
  5 electric eels
  14 crimson imps
  A wasp zombie (D:12)
  2 quasits
  15 starcursed masses
  2 giant frog zombies
  18 hounds
  15 jellies
  22 orc priests
  5 iron imps
  7 centaur skeletons
  9 iguanas
  25 orc wizards
  6 worker ants
  A lightning spire (Zig:8)
  A killer bee zombie (D:5)
  21 sheep
  A crocodile zombie (Crypt:3)
  3 hound zombies
  A hound skeleton (D:4)
  8 mummies (Depths:4)
  2 worker ant zombies (D:5)
  14 adders
  87 river rats
  6 shadow imps
  21 white imps
  3 ufetubi
  2 oozes (D:3)
  A sheep zombie (Crypt:1)
  2 adder zombies
  3 adder skeletons
  21 worms
  4 ball lightnings (Pan)
  4 dart slugs
  4 giant geckos
  94 orcs
  6 ball pythons
  15 bats
  3 giant cockroaches
  9 goblins
  7 hobgoblins
  19 jackals
  7 quokkas
  A ball python skeleton (Crypt:1)
  4 giant newts
  A goblin zombie (Crypt:3)
  12 kobolds
  A quokka zombie (D:6)
  6 rats
  A river rat skeleton (Crypt:3)
  A block of ice (Pan)
  A bush (Lair:5)
  5 crawling corpses (Elf:3)
  3 fire vortices
  15 fungi
  2 lost souls
  A lurking horror (Abyss:3)
  33 plants
  4 starspawn tentacles
  A starspawn tentacle segment (Abyss:1)
4631 creatures vanquished.

Vanquished Creatures (collateral kills)
  Mennas (Vaults:3)
  A Killer Klown (Zig:7)
  Rupert (Lair:6)
  A quicksilver dragon (Zig:8)
  6 acid blobs (Slime:6)
  A draconian monk (Zig:13)
  An azure jelly (Slime:6)
  A deep elf sorcerer (Zig:16)
  A draconian scorcher (Zig:16)
  A draconian zealot (Zig:9)
  An emperor scorpion (Zig:11)
  A very ugly thing (Depths:1)
  2 draconian annihilators
  A black draconian (Zig:13)
  A jiangshi (Depths:1)
  2 death oozes (Slime:6)
  An entropy weaver (Zig:11)
  A rakshasa (Zig:10)
  A hell beast (Zig:10)
  An ogre mage (Depths:1)
  A queen ant (shapeshifter) (Zig:7)
  A vampire mage (Depths:1)
  A tengu zombie (Zig:12)
  2 mana vipers (Zig:8)
  A hornet (Zig:11)
  2 orb spiders (Zig:11)
  A wolf spider (Zig:11)
  2 black mambas (Zig:8)
  An eye of devastation (Slime:6)
  2 naga magi
  A boulder beetle (Zig:11)
  2 tarantellas (Zig:11)
  5 golden eyes (Slime:6)
  A boggart (Vaults:3)
50 creatures vanquished.

Vanquished Creatures (others)
  Margery (Vaults:4)
  A Brimstone Fiend (Pan)
  An Ice Fiend (Pan)
  An Executioner (Pan)
  2 eldritch tentacles (Pan)
  A balrug (Pan)
  A draconian zealot (Zig:13)
  A cacodemon (Pan)
  A draconian annihilator (Pan)
  A corrupter (Pan)
  A deep elf annihilator (Pan)
  A red draconian (Zig:13)
  A naga warrior (Snake:4)
  A rakshasa (Pan)
  A merfolk aquamancer (Shoals:4)
  A hell hog (Pan)
  A soul eater (Pan)
  A deep elf knight (Elf:3)
  A wretched star (Zig:14)
  An unseen horror (Zig:14)
  A gelid demonspawn (Pan)
  2 ironbrand convokers
  A shadow demon (Pan)
  A phantasmal warrior (Vaults:5)
  A mana viper (Snake:4)
  A deep elf mage (Elf:3)
  A sixfirhy (Pan)
  A smoke demon (Pan)
  A yaktaur (Vaults:5)
  An orange demon (Pan)
  A hellwing (Pan)
  2 ancient zymes (Zig:14)
  A red devil (Pan)
  A queen bee (D:12)
  2 large abominations
  2 ynoxinuls (Zig:14)
  2 yaks (IceCv)
  2 chaos spawn (Pan)
  A neqoxec (Pan)
  An ogre (Depths:1)
  2 killer bees (D:12)
  An ufetubus (Depths:4)
  8 ball lightnings (Pan)
  A block of ice (Pan)
  A demonic plant (Abyss:1)
  175 eldritch tentacle segments (Pan)
  A fire vortex (Vaults:4)
  69 fungi
  66 plants
  4 starspawn tentacles
  14 starspawn tentacle segments
  10 toadstools (Lair:3)
399 creatures vanquished.

Grand Total: 5080 creatures vanquished

Notes
Turn   | Place    | Note
--------------------------------------------------------------
     0 | D:1      | Chiseanne the Troll Monk began the quest for the Orb.
     0 | D:1      | Reached XP level 1. HP: 22/22 MP: 0/0
   317 | D:1      | Reached XP level 2. HP: 29/29 MP: 1/1
   878 | D:2      | Reached XP level 3. HP: 34/37 MP: 2/2
  1166 | D:2      | Found a shattered altar of Ashenzari.
  1403 | D:3      | Noticed Rationalist's ghost (amateur DsBe)
  1500 | D:3      | Reached XP level 4. HP: 45/45 MP: 3/3
  1552 | D:3      | Killed Rationalist's ghost
  1552 | D:3      | Reached XP level 5. HP: 40/54 MP: 4/4
  1894 | D:3      | Found a burning altar of Makhleb.
  1894 | D:3      | Noticed an Executioner
  2020 | D:4      | Reached XP level 6. HP: 62/62 MP: 5/5
  2180 | D:4      | Found a glowing golden altar of the Shining One.
  2386 | D:4      | Found a staircase to the Ecumenical Temple.
  2408 | Temple   | Entered the Ecumenical Temple
  2641 | D:4      | Found a stormy altar of Qazlal.
  2644 | D:4      | Noticed a slave
  2645 | D:4      | Noticed Pikel
  2646 | D:4      | Noticed a slave
  2648 | D:4      | Noticed a slave
  2650 | D:4      | Noticed a slave
  2671 | D:3      | Killed a slave
  2675 | D:3      | Killed Pikel
  2675 | D:3      | Reached skill level 5 in Fighting
  2675 | D:3      | Reached skill level 5 in Dodging
  2675 | D:3      | Reached XP level 7. HP: 19/74 MP: 6/6
  2832 | D:5      | Entered Level 5 of the Dungeon
  2857 | D:5      | Found an oddly glowing altar of Pakellas.
  3032 | D:5      | Found Zomm's Food Emporium.
  3043 | D:5      | Reached XP level 8. HP: 75/83 MP: 7/7
  3150 | D:5      | Noticed Eustachio
  3207 | D:5      | Killed Eustachio
  3835 | D:6      | Found an ancient bone altar of Kikubaaqudgha.
  3835 | D:6      | Found an iron altar of Okawaru.
  3839 | D:6      | Became a worshipper of Warmaster Okawaru
  3839 | D:6      | Reached * piety under Okawaru
  3839 | D:6      | Reached ** piety under Okawaru
  3894 | D:6      | Found a shattered altar of Ashenzari.
  3975 | D:6      | Learned a level 1 spell: Summon Butterflies
  4022 | D:6      | Reached skill level 1 in Invocations
  4190 | D:6      | Found a glowing drain.
  4197 | Sewer    | Entered a sewer
  4232 | Sewer    | Noticed Purgy
  4235 | Sewer    | Killed Purgy
  4840 | D:7      | Reached *** piety under Okawaru
  4840 | D:7      | Reached XP level 9. HP: 93/93 MP: 9/9
  4885 | D:7      | Found a glowing silver altar of Zin.
  5334 | D:8      | Found a sacrificial altar of Ru.
  6213 | D:9      | Found a blossoming altar of Fedhas.
  6530 | D:9      | Reached **** piety under Okawaru
  6833 | D:10     | Entered Level 10 of the Dungeon
  6866 | D:10     | Reached skill level 5 in Invocations
  6926 | D:10     | Reached XP level 10. HP: 98/104 MP: 12/12
  7197 | D:10     | Found a staircase to the Orcish Mines.
  7299 | D:10     | Reached ***** piety under Okawaru
  7383 | D:10     | Found a staircase to the Lair.
  7546 | D:10     | Found an ancient bone altar of Kikubaaqudgha.
  7623 | D:10     | You fall through a shaft for 2 floors!
  7709 | D:11     | Noticed Nergalle
  7720 | D:11     | Killed Nergalle
  7808 | D:11     | Reached XP level 11. HP: 46/115 MP: 15/15
  7944 | D:11     | Noticed a hill giant
  7949 | D:11     | Killed a hill giant
  8017 | D:11     | Noticed a brown ugly thing
  8821 | D:12     | Noticed a griffon
  8837 | D:12     | Killed a griffon
  9105 | D:12     | Noticed a hill giant
  9109 | D:12     | Killed a hill giant
  9502 | D:12     | Found Maig's Antique Weapon Shop.
  9512 | D:12     | Bought an ichor-stained battleaxe for 391 gold pieces
  9513 | D:12     | Identified the +4 battleaxe of Valiance {holy, rC+ Str+4 Int+6} (You bought it in a shop on level 12 of the Dungeon)
  9949 | D:12     | Reached skill level 10 in Dodging
  9955 | D:12     | Reached skill level 10 in Fighting
 10001 | D:13     | Noticed Nessos
 10015 | D:13     | Killed Nessos
 10015 | D:13     | Received a gift from Okawaru
 10015 | D:13     | Reached skill level 1 in Axes
 10166 | D:13     | Noticed a death knight
 10385 | Orc:1    | Entered Level 1 of the Orcish Mines
 10385 | Orc:1    | Noticed an orc high priest
 10390 | Orc:1    | Killed an orc high priest
 10632 | Orc:1    | Received a gift from Okawaru
 10697 | Orc:1    | Found an iron altar of Okawaru.
 10762 | Orc:1    | Noticed Urug
 10779 | Orc:1    | Killed Urug
 11061 | Orc:1    | Noticed an orc sorcerer
 11067 | Orc:1    | Killed an orc sorcerer
 11067 | Orc:1    | Reached XP level 12. HP: 70/126 MP: 17/17
 11281 | Orc:2    | Entered Level 2 of the Orcish Mines
 11344 | Orc:2    | Found a staircase to the Elven Halls.
 11358 | Orc:2    | Found a frozen archway.
 11402 | IceCv    | Entered an ice cave
 12083 | IceCv    | Reached skill level 5 in Axes
 12111 | IceCv    | Gained mutation: You are partially covered in rough black scales (AC +4, Dex -1). [potion of beneficial mutation]
 12259 | IceCv    | Noticed a death yak
 12261 | IceCv    | Noticed a death yak
 12275 | IceCv    | Killed a death yak
 12275 | IceCv    | Reached ****** piety under Okawaru
 12280 | IceCv    | Reached skill level 10 in Invocations
 12285 | IceCv    | Killed a death yak
 12292 | IceCv    | Received a gift from Okawaru
 12460 | IceCv    | Noticed a frost giant
 12481 | IceCv    | Killed a frost giant
 12593 | IceCv    | Got a twitching iron ring
 12594 | IceCv    | Identified the ring of Nyenke {Ice +Blink rN+ MR+ SInv} (You found it in an ice cave)
 12710 | Orc:2    | Reached XP level 13. HP: 57/133 MP: 16/19
 12728 | Orc:2    | Found a roughly hewn altar of Beogh.
 12931 | Orc:2    | Noticed Saint Roka
 13840 | D:11     | Noticed Psyche
 13846 | D:11     | Killed Psyche
 14149 | D:11     | Noticed Maud
 14164 | D:11     | Killed Maud
 14164 | D:11     | Received a gift from Okawaru
 14580 | D:14     | Found Teklous's Distillery.
 14582 | D:14     | Found Jacont's Food Shop.
 14583 | D:14     | Bought a potion of mutation for 40 gold pieces
 14583 | D:14     | Bought a potion of heal wounds for 80 gold pieces
 14583 | D:14     | Bought a potion of curing for 48 gold pieces
 14583 | D:14     | Bought a potion of curing for 48 gold pieces
 14583 | D:14     | Bought a potion of curing for 48 gold pieces
 14583 | D:14     | Bought a potion of haste for 160 gold pieces
 14583 | D:14     | Bought 2 potions of invisibility for 256 gold pieces
 14583 | D:14     | Bought a potion of resistance for 160 gold pieces
 14583 | D:14     | Bought a potion of haste for 160 gold pieces
 14583 | D:14     | Bought a potion of flight for 48 gold pieces
 14627 | D:15     | Entered Level 15 of the Dungeon
 15049 | D:15     | Noticed a dire elephant
 15062 | D:15     | Killed a dire elephant
 15080 | D:15     | Found a staircase to the Depths.
 16069 | D:15     | Found a portal to a secret trove of treasure.
 16259 | D:14     | Identified the Reference Book on Helpful Transmigration
 16390 | D:14     | Found Bot Omnu's Distillery.
 16411 | D:14     | Bought a potion of lignification for 48 gold pieces
 16411 | D:14     | Bought a potion of curing for 48 gold pieces
 16411 | D:14     | Bought a potion of curing for 48 gold pieces
 16411 | D:14     | Bought a potion of curing for 48 gold pieces
 16411 | D:14     | Bought a potion of haste for 160 gold pieces
 16411 | D:14     | Bought a potion of flight for 48 gold pieces
 16411 | D:14     | Bought a potion of flight for 48 gold pieces
 16489 | D:14     | Found Rujaf's Assorted Antiques.
 16780 | D:14     | Reached XP level 14. HP: 101/143 MP: 20/20
 17017 | D:14     | Found a gate to the Vaults.
 17275 | D:15     | You paid a toll of a wand of hasting (9) to enter a treasure trove
 17276 | Trove    | Entered a treasure trove
 17369 | D:15     | Gained mutation: Your mind is acute. (Int +2) [potion of beneficial mutation]
 17370 | D:15     | Gained mutation: You are robust (+10% HP). [potion of beneficial mutation]
 17745 | D:15     | Learned a level 1 spell: Apportation
 17748 | D:15     | Learned a level 2 spell: Blink
 17751 | D:15     | Learned a level 2 spell: Shroud of Golubria
 18190 | D:13     | Reached skill level 10 in Axes
 18199 | D:13     | Received a gift from Okawaru
 18200 | D:13     | Got a warped large shield {god gift}
 18309 | D:13     | Identified the +1 large shield "Iseif" {god gift, Int+4} (Okawaru gifted it to you on level 13 of the Dungeon)
 18475 | D:13     | Noticed Josephine
 18481 | D:13     | Killed Josephine
 18746 | Lair:1   | Entered Level 1 of the Lair of Beasts
 19655 | Lair:2   | Reached skill level 1 in Throwing
 19993 | Lair:2   | Noticed Gastronok
 20003 | Lair:2   | Killed Gastronok
 21658 | Lair:3   | Found a staircase to the Snake Pit.
 21856 | Lair:3   | Reached XP level 15. HP: 153/167 MP: 21/21
 22375 | Lair:4   | Received a gift from Okawaru
 22376 | Lair:4   | Got a shimmering short sword {god gift}
 22377 | Lair:4   | Identified the +8 short sword of Eternal Vigilance {god gift, pierce, rF+++ rN+ Int-4 Dex-5} (Okawaru gifted it to you on level 4 of the Lair of Beasts)
 22927 | Lair:4   | Reached skill level 5 in Throwing
 23015 | Lair:5   | Found a dark tunnel.
 23028 | Volcano  | Entered a volcano
 24529 | Lair:6   | Noticed Rupert
 24538 | Lair:6   | Killed Rupert
 24801 | Lair:6   | Received a gift from Okawaru
 25056 | Lair:6   | Found a staircase to the Shoals.
 25419 | Lair:7   | You fall through a shaft!
 25419 | Lair:8   | Entered Level 8 of the Lair of Beasts
 25826 | Lair:7   | Found a viscous altar of Jiyva.
 25827 | Lair:7   | Found a staircase to the Slime Pits.
 25924 | Lair:7   | Got a scorched platinum amulet
 25925 | Lair:7   | Identified the amulet of the Republic {*Drain rN++ Regen+ Dex+5 SInv} (You found it on level 7 of the Lair of Beasts)
 26606 | Lair:8   | Found a runed door.
 26616 | Lair:8   | Reached skill level 15 in Dodging
 27251 | Lair:8   | Reached XP level 16. HP: 181/181 MP: 22/22
 27379 | Lair:8   | Reached skill level 1 in Evocations
 27481 | Lair:8   | Received a gift from Okawaru
 27677 | D:11     | You fall through a shaft for 2 floors!
 28347 | Orc:2    | Found Yceo's Weapon Boutique.
 28356 | Orc:2    | Noticed Donald
 28362 | Orc:2    | Killed Saint Roka
 28362 | Orc:2    | Received a gift from Okawaru
 28364 | Orc:2    | Reached skill level 5 in Evocations
 28370 | Orc:2    | Killed Donald
 28398 | Orc:2    | Found Perisusch's Gadget Emporium.
 28407 | Orc:2    | Found Deamewi's Food Boutique.
 28414 | Orc:2    | Found Orin's Assorted Antiques.
 28483 | Orc:2    | Bought a scroll of teleportation for 81 gold pieces
 28483 | Orc:2    | Bought a runed coral ring for 135 gold pieces
 28483 | Orc:2    | Bought a fine morningstar for 243 gold pieces
 28484 | Orc:2    | Identified the +7 morningstar "Fudaxe" {crush, +Blink +Inv Str-2 Stlth+} (You bought it in a shop on level 2 of the Orcish Mines)
 28511 | Orc:2    | Bought a sack of spiders for 240 gold pieces
 28511 | Orc:2    | Bought a sack of spiders for 240 gold pieces
 28759 | D:14     | Bought a potion of haste for 160 gold pieces
 28759 | D:14     | Bought a potion of haste for 160 gold pieces
 28954 | Snake:1  | Entered Level 1 of the Snake Pit
 29236 | Snake:1  | Received a gift from Okawaru
 29561 | Snake:1  | Received a gift from Okawaru
 29575 | Snake:1  | Reached skill level 10 in Evocations
 30242 | Snake:4  | Entered Level 4 of the Snake Pit
 30389 | Snake:4  | Noticed Nikola
 30407 | Snake:4  | Killed Nikola
 30588 | Snake:4  | Received a gift from Okawaru
 30851 | Snake:4  | Noticed Aizul
 30854 | Snake:4  | Reached XP level 17. HP: 141/189 MP: 8/24
 30871 | Snake:4  | Killed Aizul
 30985 | Snake:4  | Received a gift from Okawaru
 31386 | Snake:4  | Received a gift from Okawaru
 31561 | Snake:4  | Received a gift from Okawaru
 31563 | Snake:4  | Got a faintly glowing steam dragon armour {god gift}
 31733 | Snake:4  | Identified the +1 steam dragon armour of the Eight Boll Weevils {god gift, Dex+4} (Okawaru gifted it to you on level 4 of the Snake Pit)
 31825 | Snake:4  | Noticed Vashnia
 32051 | Snake:4  | Got a serpentine rune of Zot
 32084 | Snake:4  | Reached skill level 10 in Throwing
 32098 | Snake:4  | Killed Vashnia
 32400 | Lair:3   | Noticed Fannar
 32404 | Lair:3   | Killed Fannar
 32817 | Depths:1 | Entered Level 1 of the Depths
 32825 | Depths:1 | Noticed a lich
 32830 | Depths:1 | Noticed an Ice Fiend
 32832 | Depths:1 | Killed a lich
 33123 | Vaults:1 | Entered Level 1 of the Vaults
 33407 | Vaults:1 | Reached XP level 18. HP: 195/205 MP: 25/25
 33502 | Vaults:1 | Received a gift from Okawaru
 33502 | Vaults:1 | Reached skill level 1 in Armour
 34017 | Vaults:1 | Received a gift from Okawaru
 34018 | Vaults:1 | Got a steaming robe {god gift}
 34019 | Vaults:1 | Identified the +1 robe of Rixovig {god gift, rC+ Dex+5 Slay-5} (Okawaru gifted it to you on level 1 of the Vaults)
 35118 | Vaults:2 | Reached skill level 5 in Armour
 35284 | Vaults:2 | Found Nuleih's Jewellery Boutique.
 35399 | Vaults:2 | Got an ichor-stained hat
 35546 | Vaults:2 | Identified the +1 hat "Mogaocao" {MP+9 SInv} (You found it on level 2 of the Vaults)
 35552 | Vaults:2 | Found a radiant altar of Vehumet.
 35786 | Vaults:2 | Got a bloodstained hat
 35787 | Vaults:2 | Identified the cursed +0 hat of Acaow {+Blink rPois Dex+3 Slay+2} (You found it on level 2 of the Vaults)
 36372 | Vaults:3 | Received a gift from Okawaru
 36422 | Vaults:3 | Noticed Mennas
 36465 | Vaults:3 | Killed Mennas
 36797 | Vaults:3 | Reached skill level 15 in Fighting
 36854 | Vaults:3 | Reached XP level 19. HP: 120/221 MP: 14/26
 36964 | Vaults:3 | Identified the Almanac of Feathery Hexes (You found it on level 3 of the Vaults)
 37260 | Vaults:3 | Received a gift from Okawaru
 37281 | Vaults:3 | Noticed a Brimstone Fiend
 37287 | Vaults:3 | Received a gift from Okawaru
 37448 | Vaults:3 | Found Duoclac's Gadget Shop.
 37797 | Vaults:3 | Found a staircase to the Crypt.
 38195 | Vaults:4 | Noticed Margery
 38197 | Vaults:4 | Received a gift from Okawaru
 38212 | Vaults:4 | Killed Margery
 38409 | Vaults:4 | Received a gift from Okawaru
 38627 | Vaults:4 | Noticed Boris
 38641 | Vaults:4 | Killed Boris
 38641 | Vaults:4 | Received a gift from Okawaru
 38669 | Vaults:4 | Found Zompul's Armour Emporium.
 38777 | Vaults:4 | Reached skill level 10 in Armour
 39041 | Vaults:4 | Found Iruniefo's Gadget Emporium.
 39114 | Vaults:4 | Found Nulleqai's Magic Scroll Boutique.
 39136 | Vaults:4 | Received a gift from Okawaru
 39142 | Vaults:4 | Got a jacinth-encrusted gold dragon armour {god gift}
 39143 | Vaults:4 | Identified the +1 gold dragon armour of Twilight {god gift, rPois rF+ rC+ Stlth+} (Okawaru gifted it to you on level 4 of the Vaults)
 39326 | Vaults:4 | Found Luups's Assorted Antiques.
 39353 | Vaults:4 | Found Pum Deuny's Jewellery Shop.
 40183 | Vaults:4 | Reached XP level 20. HP: 177/236 MP: 21/27
 40338 | Crypt:1  | Entered Level 1 of the Crypt
 40832 | Vaults:2 | Bought the ring of Disaster {SustAt Slay+6} for 894 gold pieces
 40832 | Vaults:2 | Bought a cursed -3 ring of dexterity for 36 gold pieces
 41514 | Crypt:2  | Received a gift from Okawaru
 41723 | Crypt:3  | Entered Level 3 of the Crypt
 41777 | Crypt:3  | Found a staircase to the Tomb.
 41780 | Crypt:3  | Paralysed by a sphinx for 2 turns
 41783 | Crypt:3  | Received a gift from Okawaru
 41942 | Crypt:3  | Paralysed by a vampire knight for 4 turns
 42367 | Crypt:3  | Received a gift from Okawaru
 42394 | Crypt:3  | Received a gift from Okawaru
 42421 | Crypt:3  | Received a gift from Okawaru
 42458 | Crypt:3  | Reached XP level 21. HP: 200/250 MP: 19/28
 42493 | Crypt:3  | Noticed a greater mummy
 42504 | Crypt:3  | Killed a greater mummy
 42505 | Crypt:3  | Noticed a curse toe
 42511 | Crypt:3  | Killed a curse toe
 42849 | Crypt:3  | Found an ancient bone altar of Kikubaaqudgha.
 42863 | Crypt:3  | Found a basalt altar of Yredelemnul.
 42881 | Crypt:3  | Identified the Papyrus of Stolen Souls
 42889 | Crypt:3  | Got an encrusted battleaxe
 42891 | Crypt:3  | Identified the cursed +0 battleaxe of Nuixt {drain, Int+2} (You found it on level 3 of the Crypt)
 42942 | Crypt:3  | Got a shimmering ivory ring
 42943 | Crypt:3  | Identified the ring "Jimeh" {rElec rN+ Int+6} (You found it on level 3 of the Crypt)
 42945 | Crypt:3  | Got a scorched lapis lazuli ring
 42946 | Crypt:3  | Identified the ring "Nuexets" {*Corrode rElec rN+ Dex+4} (You found it on level 3 of the Crypt)
 43429 | Depths:1 | Noticed Mara
 43433 | Depths:1 | Noticed Chiseanne's illusion
 43487 | Depths:1 | Noticed Chiseanne's illusion
 43488 | Depths:1 | Received a gift from Okawaru
 43918 | Depths:1 | Identified The Arcane Secrets of Sorcery (You found it on level 1 of the Depths)
 43982 | Depths:1 | Noticed Chiseanne's illusion
 44023 | Depths:1 | Killed Mara
 44042 | Depths:1 | Received a gift from Okawaru
 44045 | Depths:1 | Noticed a golden dragon
 44058 | Depths:1 | Killed a golden dragon
 44124 | Depths:1 | Found a one-way gate to the infinite horrors of the Abyss.
 44553 | Depths:1 | Gained mutation: You are somewhat resistant to further mutation. [potion of beneficial mutation]
 44647 | Depths:1 | Found a gateway to Hell.
 45192 | Depths:2 | Received a gift from Okawaru
 45285 | Depths:2 | Received a gift from Okawaru
 45293 | Depths:2 | Got a crude cloak {god gift}
 45379 | Depths:2 | Identified the -3 cloak of Nihilism {god gift, rC+ rN+} (Okawaru gifted it to you on level 2 of the Depths)
 45586 | Depths:2 | Found a one-way gate leading to the halls of Pandemonium.
 45629 | Depths:2 | Reached XP level 22. HP: 186/262 MP: 19/29
 46317 | Depths:2 | Noticed Norris
 46326 | Depths:2 | Killed Norris
 46954 | Depths:3 | Received a gift from Okawaru
 46958 | Depths:3 | Got a heavily runed troll leather armour {god gift}
 46959 | Depths:3 | Identified the +0 troll leather armour "Adeth" {god gift, rN+ Regen+} (Okawaru gifted it to you on level 3 of the Depths)
 48147 | Depths:4 | Found a gateway to a ziggurat.
 48206 | Depths:4 | Reached skill level 15 in Armour
 48263 | Depths:4 | Found Cealuyn's Book Boutique.
 48404 | Depths:4 | Noticed a greater mummy
 48417 | Depths:4 | Killed a greater mummy
 48776 | Depths:4 | Reached XP level 23. HP: 253/277 MP: 26/30
 49859 | Elf:1    | Entered Level 1 of the Elven Halls
 50028 | Elf:2    | Received a gift from Okawaru
 50115 | Elf:2    | Found Tucweocwac's Antique Armour Emporium.
 50225 | Elf:2    | Found a huge runed gate.
 50225 | Elf:2    | Found a huge runed gate.
 50225 | Elf:2    | Found a huge runed gate.
 50355 | Elf:3    | Entered Level 3 of the Elven Halls
 50567 | Elf:3    | Found Vennamn's Book Shoppe.
 50656 | Elf:3    | Received a gift from Okawaru
 50671 | Elf:3    | Cast into level 2 of the Abyss (a deep elf sorcerer)
 51035 | Abyss:2  | Paralysed by accursed screaming for 2 turns
 51038 | Elf:3    | Escaped the Abyss
 51439 | Elf:3    | Received a gift from Okawaru
 51478 | Elf:3    | Cast into level 2 of the Abyss (a deep elf sorcerer)
 51478 | Abyss:2  | Found an opulent altar of Gozag.
 51686 | Elf:3    | Escaped the Abyss
 51916 | Elf:3    | Identified the Handbook of Arcane Weapons (You found it on level 3 of the Elven Halls)
 52070 | Elf:3    | Identified the Handbook of Limited Liability
 52162 | Elf:3    | Got a smoking quarterstaff {pain}
 52163 | Elf:3    | Identified the +9 quarterstaff of Ash {pain, rElec MR+ Str+4} (You took it off a deep elf mage on level 3 of the Elven Halls)
 52561 | D:14     | Bought a scroll of identify for 54 gold pieces
 52561 | D:14     | Bought a potion of curing for 81 gold pieces
 52561 | D:14     | Bought a potion of flight for 81 gold pieces
 52561 | D:14     | Bought a scroll of teleportation for 81 gold pieces
 52599 | D:14     | Bought a potion of haste for 160 gold pieces
 52599 | D:14     | Bought a potion of flight for 48 gold pieces
 52599 | D:14     | Bought a potion of ambrosia for 128 gold pieces
 52731 | Vaults:4 | Bought a scroll of acquirement for 832 gold pieces
 52731 | Vaults:4 | Bought a scroll of magic mapping for 56 gold pieces
 52731 | Vaults:4 | Bought a scroll of teleportation for 48 gold pieces
 52731 | Vaults:4 | Bought a scroll of fog for 32 gold pieces
 52731 | Vaults:4 | Bought a scroll of identify for 32 gold pieces
 52733 | Vaults:4 | Got a distressingly furry hat
 52734 | Vaults:4 | Identified the +0 hat of the Morning Star {rPois} (You acquired it on level 4 of the Vaults)
 52739 | Vaults:4 | Bought a scroll of remove curse for 48 gold pieces
 52775 | Vaults:4 | Bought a scroll of summoning for 237 gold pieces
 52775 | Vaults:4 | Bought a scroll of magic mapping for 87 gold pieces
 52775 | Vaults:4 | Bought a potion of flight for 75 gold pieces
 52775 | Vaults:4 | Bought a potion of ambrosia for 200 gold pieces
 52775 | Vaults:4 | Bought a scroll of recharging for 237 gold pieces
 52775 | Vaults:4 | Bought a scroll of immolation for 87 gold pieces
 53176 | Shoals:1 | Entered Level 1 of the Shoals
 53526 | Shoals:2 | Noticed Kirke
 53534 | Shoals:2 | Killed Kirke
 53680 | Shoals:4 | Entered Level 4 of the Shoals
 53692 | Shoals:4 | Received a gift from Okawaru
 53857 | Shoals:4 | Reached XP level 24. HP: 292/292 MP: 30/30
 53871 | Shoals:4 | Identified Sayxobru's Disquisition on the Birds and Clay (You found it on level 4 of the Shoals)
 53875 | Shoals:4 | Learned a level 2 spell: Repel Missiles
 54011 | Shoals:4 | Noticed Ilsuiw
 54011 | Shoals:4 | Received a gift from Okawaru
 54041 | Shoals:4 | Killed Ilsuiw
 54212 | Shoals:4 | Received a gift from Okawaru
 54315 | Shoals:4 | Got a barnacled rune of Zot
 54933 | Vaults:5 | Entered Level 5 of the Vaults
 54938 | Vaults:5 | Received a gift from Okawaru
 54939 | Vaults:5 | Received a gift from Okawaru
 55086 | Vaults:5 | Noticed an ancient lich
 55090 | Vaults:5 | Received a gift from Okawaru
 55091 | Vaults:5 | Received a gift from Okawaru
 55098 | Vaults:4 | Killed an ancient lich
 55286 | Vaults:5 | Noticed an ancient lich
 55469 | Vaults:5 | Killed an ancient lich
 55469 | Vaults:5 | Received a gift from Okawaru
 55470 | Vaults:5 | Noticed Jorgrun
 55475 | Vaults:5 | Killed Jorgrun
 55497 | Vaults:5 | Received a gift from Okawaru
 55522 | Vaults:5 | Received a gift from Okawaru
 55522 | Vaults:5 | Reached XP level 25. HP: 173/302 MP: 13/30
 55672 | Vaults:5 | Got a fine battleaxe {god gift}
 55673 | Vaults:5 | Identified the +8 battleaxe of the Lesser Evil {god gift, speed, Dex+3} (Okawaru gifted it to you on level 5 of the Vaults)
 55701 | Vaults:5 | Received a gift from Okawaru
 56681 | Vaults:5 | Got a silver rune of Zot
 56758 | Vaults:5 | Got a coiled bronze ring
 56759 | Vaults:5 | Identified the ring "Leshiw" {Fragile rPois rN+ Int+3} (You found it on level 5 of the Vaults)
 56844 | Vaults:5 | Got a scintillating amber ring
 56845 | Vaults:5 | Identified the ring of Morality {rF++ rC- Str+3 Int+3 Slay+3} (You found it on level 5 of the Vaults)
 57284 | Zig:1    | Entered Level 1 of a ziggurat
 57431 | Zig:2    | Entered Level 2 of a ziggurat
 57469 | Zig:3    | Entered Level 3 of a ziggurat
 57547 | Zig:4    | Entered Level 4 of a ziggurat
 57588 | Zig:5    | Entered Level 5 of a ziggurat
 57646 | Zig:6    | Entered Level 6 of a ziggurat
 57703 | Zig:6    | Reached XP level 26. HP: 312/312 MP: 30/30
 57715 | Zig:7    | Entered Level 7 of a ziggurat
 57907 | Zig:7    | Got a scorched ivory ring
 57908 | Zig:7    | Identified the ring of Vehumet's Vengeance {rElec rPois MR+ MP-9} (You found it on level 7 of a ziggurat)
 57918 | Zig:8    | Entered Level 8 of a ziggurat
 57944 | Zig:8    | Reached skill level 15 in Axes
 57954 | Zig:8    | Received a gift from Okawaru
 57998 | Zig:8    | Learned a level 2 spell: Song of Slaying
 58002 | Zig:8    | Learned a level 3 spell: Regeneration
 58006 | Zig:8    | Learned a level 3 spell: Spectral Weapon
 58025 | Zig:9    | Entered Level 9 of a ziggurat
 58222 | Zig:9    | Reached XP level 27. HP: 322/322 MP: 30/30
 58233 | Zig:10   | Entered Level 10 of a ziggurat
 58248 | Zig:10   | Noticed Oneelo the pandemonium lord
 58278 | Zig:10   | Killed Oneelo the pandemonium lord
 58521 | Zig:10   | Got an ichor-stained triple crossbow
 58524 | Zig:10   | Identified the +5 triple crossbow of Gozag's Whim {venom, *Corrode rElec MR+} (You found it on level 10 of a ziggurat)
 58549 | Zig:11   | Entered Level 11 of a ziggurat
 58851 | Zig:11   | Got a coiled iron ring
 58852 | Zig:11   | Identified the cursed ring "Icanorr" {+Blink AC-2} (You found it on level 11 of a ziggurat)
 58869 | Zig:12   | Entered Level 12 of a ziggurat
 58884 | Zig:12   | Reached skill level 1 in Slings
 58990 | Zig:12   | Reached skill level 5 in Spellcasting
 59002 | Zig:12   | Got a glittering lapis lazuli ring
 59003 | Zig:12   | Identified the ring "Caott" {rPois rF- Int+7 SInv} (You found it on level 12 of a ziggurat)
 59142 | Zig:13   | Entered Level 13 of a ziggurat
 59185 | Zig:13   | Reached skill level 5 in Slings
 59374 | Zig:14   | Entered Level 14 of a ziggurat
 59403 | Zig:14   | Received a gift from Okawaru
 59422 | Zig:14   | Paralysed by accursed screaming for 1 turns
 59585 | Zig:14   | Identified the Grimoire of Orientation and Shape Shifting
 59599 | Zig:14   | Identified the Collected Works on Unstable Conjuration
 59613 | Zig:15   | Entered Level 15 of a ziggurat
 59703 | Zig:15   | Reached skill level 5 in Charms
 59706 | Zig:15   | Identified the Almanac of Aid and the Birds
 59819 | Zig:16   | Entered Level 16 of a ziggurat
 59979 | Zig:16   | Noticed an ancient lich
 59979 | Zig:16   | Noticed an ancient lich
 59981 | Zig:16   | Noticed an ancient lich
 59984 | Zig:16   | Received a gift from Okawaru
 59995 | Zig:16   | Killed an ancient lich
 59995 | Zig:16   | Killed an ancient lich
 60007 | Zig:16   | Killed an ancient lich
 60183 | Zig:16   | Got a heavily runed platinum ring
 60184 | Zig:16   | Identified the ring "Xuepob" {rPois rC+ MR+ Dex+4 Stlth+} (You found it on level 16 of a ziggurat)
 60213 | Zig:17   | Entered Level 17 of a ziggurat
 60239 | Zig:17   | Noticed Zeuqut the pandemonium lord
 60253 | Zig:17   | HP: 15/322 [??? (7)]
 60275 | Zig:17   | Killed Zeuqut the pandemonium lord
 60285 | Zig:17   | HP: 13/322 [alligator snapping turtle[an infernal corrupter] (14)]
 60303 | Zig:17   | Got a translucent iron ring
 60607 | D:15     | Got a faintly humming cloak
 60608 | D:15     | Identified the +0 cloak of Ijacenoekk {rF+ rN+ Str+4} (You acquired it on level 15 of the Dungeon)
 60632 | D:15     | Identified the ring "Voeca" {Int+5 SInv} (You found it on level 17 of a ziggurat)
 60926 | Slime:1  | Entered Level 1 of the Pits of Slime
 60967 | Slime:1  | Received a gift from Okawaru
 61191 | Slime:6  | Entered Level 6 of the Pits of Slime
 61381 | Slime:6  | Noticed the Royal Jelly
 61534 | Slime:6  | Killed the Royal Jelly
 61534 | Slime:6  | Received a gift from Okawaru
 61716 | Slime:6  | Identified the Tome of Lucky Calling (You found it on level 6 of the Pits of Slime)
 61863 | Slime:6  | Gained mutation: Your muscles are strong. (Str +2) [a shining eye]
 61866 | Slime:6  | Lost mutation: Your mind is acute. (Int +2) [a shining eye]
 61869 | Slime:6  | Lost mutation: You are robust (+10% HP). [a shining eye]
 62071 | Slime:6  | Got a slimy rune of Zot
 62161 | Slime:6  | Got a brightly glowing morningstar
 62162 | Slime:6  | Identified the +6 morningstar of Prudence {vamp, Fragile +Blink Str+2 Int+6} (You found it on level 6 of the Pits of Slime)
 62597 | Pan      | Entered Pandemonium
 62755 | Pan      | Noticed Etruwn the pandemonium lord
 62821 | Pan      | Gained mutation: Scrolls take you a little longer to read. [a cacodemon]
 62849 | Pan      | Killed Etruwn the pandemonium lord
 62937 | Pan      | Received a gift from Okawaru
 62946 | Pan      | Reached skill level 10 in Charms
 63329 | Pan      | Lost mutation: You are somewhat resistant to further mutation. [a neqoxec]
 63330 | Pan      | Gained mutation: Scrolls take you longer to read. [a neqoxec]
 63333 | Pan      | Gained mutation: Your magical capacity is low (-10% MP). [a neqoxec]
 63402 | Pan      | Found an exit through the horrors of the Abyss.
 63839 | Pan      | Found a huge runed gate.
 63840 | Pan      | Gained mutation: You are frail (-10% HP). [a cacodemon]
 63882 | Pan      | Found an exit through the horrors of the Abyss.
 64007 | Pan      | Entered the realm of Gloorx Vloq.
 64021 | Pan      | Received a gift from Okawaru
 64164 | Pan      | Found an exit through the horrors of the Abyss.
 64172 | Pan      | Lost mutation: You are frail (-10% HP). [potion of cure mutation]
 64172 | Pan      | Lost mutation: Your magical capacity is low (-10% MP). [potion of cure mutation]
 64172 | Pan      | Lost mutation: You are partially covered in rough black scales (AC +4, Dex -1). [potion of cure mutation]
 64172 | Pan      | Lost mutation: Your muscles are strong. (Str +2) [potion of cure mutation]
 64173 | Pan      | Lost mutation: Scrolls take you longer to read. [potion of cure mutation]
 64173 | Pan      | Lost mutation: Scrolls take you a little longer to read. [potion of cure mutation]
 64401 | Pan      | Noticed Gloorx Vloq
 64448 | Pan      | Received a gift from Okawaru
 65409 | Pan      | Got a dark rune of Zot
 65608 | Pan      | Took an exit into the Abyss.
 65608 | Abyss:1  | Escaped into the Abyss
 65809 | Abyss:1  | Gained mutation: Your spells are a little easier to cast, but a little less powerful. [a neqoxec]
 65811 | Abyss:1  | Gained mutation: Your body sometimes deteriorates upon taking damage. [a neqoxec]
 65935 | Abyss:3  | Found a corrupted altar of Lugonu.
 65987 | Abyss:3  | Found a corrupted altar of Lugonu.
 66073 | Abyss:3  | Lost mutation: Your body sometimes deteriorates upon taking damage. [potion of cure mutation]
 66073 | Abyss:3  | Lost mutation: Your spells are a little easier to cast, but a little less powerful. [potion of cure mutation]
 66346 | Abyss:3  | Got an abyssal rune of Zot
 66580 | Depths:2 | Escaped the Abyss
 66587 | Pan      | Entered Pandemonium
 66807 | Pan      | Received a gift from Okawaru
 66827 | Pan      | Noticed Oturr the pandemonium lord
 66838 | Pan      | Killed Oturr the pandemonium lord
 66988 | Pan      | Received a gift from Okawaru
 67192 | Pan      | Gained mutation: You are weak. (Str -2) [a cacodemon]
 67515 | Pan      | Entered the realm of Lom Lobon.
 68110 | Pan      | Noticed Lom Lobon
 68142 | Pan      | Killed Lom Lobon
 68254 | Pan      | Got a magical rune of Zot
 68801 | Pan      | Noticed Dost the pandemonium lord
 68809 | Pan      | Killed Dost the pandemonium lord
 68809 | Pan      | Received a gift from Okawaru
 69104 | Pan      | Found an exit through the horrors of the Abyss.
 69109 | Pan      | Noticed Xuipnoa the pandemonium lord
 69118 | Pan      | Received a gift from Okawaru
 69119 | Pan      | Got a jewelled hunting sling {god gift}
 69273 | Pan      | Gained mutation: You are frail (-10% HP). [a cacodemon]
 69308 | Pan      | Entered the realm of Cerebov.
 69392 | Pan      | Identified the +10 hunting sling of Wuukhlio {god gift, freeze, rF- Str+7 Int+6} (Okawaru gifted it to you in Pandemonium)
 69475 | Pan      | Noticed Cerebov
 69510 | Pan      | Killed Cerebov
 69510 | Pan      | Received a gift from Okawaru
 69510 | Pan      | Received a gift from Okawaru
 69535 | Pan      | Received a gift from Okawaru
 69632 | Pan      | Got a heavily runed hat
 69633 | Pan      | Identified the +0 hat "Ninokh" {rF+ rN+} (You found it in Pandemonium)
 69641 | Pan      | Identified a +3 rod of shadows (10/10) (You found it in Pandemonium)
 69647 | Pan      | Identified a +7 rod of shadows (9/9) (You found it in Pandemonium)
 69665 | Pan      | Got a fiery rune of Zot
 69711 | Pan      | Entered the realm of Mnoleg.
 69818 | Pan      | Gained mutation: Armour fits poorly on your strangely shaped body. [a neqoxec]
 69828 | Pan      | Gained mutation: Your magical capacity is low (-10% MP). [a neqoxec]
 69857 | Pan      | Received a gift from Okawaru
 69865 | Pan      | Gained mutation: Your body sometimes deteriorates upon taking damage. [a neqoxec]
 69893 | Pan      | Gained mutation: You are dopey. (Int -2) [a neqoxec]
 69998 | Pan      | Noticed Mnoleg
 70030 | Pan      | Gained mutation: Your spells are a little easier to cast, but a little less powerful. [a neqoxec]
 70208 | Pan      | Killed Mnoleg
 70208 | Pan      | Gained mutation: You tend to lose your temper in combat. [a cacodemon]
 70210 | Pan      | Gained mutation: Scrolls take you a little longer to read. [a cacodemon]
 70236 | Pan      | Gained mutation: You are clumsy. (Dex -2) [a cacodemon]
 70250 | Pan      | Got a glowing rune of Zot
 70292 | Pan      | Received a gift from Okawaru
 70368 | Pan      | Found a huge runed gate.
 70387 | Pan      | Noticed Zatiune the pandemonium lord
 70420 | Pan      | Killed Zatiune the pandemonium lord
 70617 | Pan      | Lost mutation: You are clumsy. (Dex -2) [potion of cure mutation]
 70617 | Pan      | Lost mutation: Your body sometimes deteriorates upon taking damage. [potion of cure mutation]
 70617 | Pan      | Lost mutation: Your spells are a little easier to cast, but a little less powerful. [potion of cure mutation]
 70617 | Pan      | Lost mutation: You are frail (-10% HP). [potion of cure mutation]
 70625 | Pan      | Lost mutation: You are dopey. (Int -2) [potion of cure mutation]
 70625 | Pan      | Lost mutation: You tend to lose your temper in combat. [potion of cure mutation]
 70625 | Pan      | Lost mutation: Armour fits poorly on your strangely shaped body. [potion of cure mutation]
 70625 | Pan      | Lost mutation: Your magical capacity is low (-10% MP). [potion of cure mutation]
 70625 | Pan      | Lost mutation: Scrolls take you a little longer to read. [potion of cure mutation]
 70764 | Pan      | Found an exit through the horrors of the Abyss.
 70803 | Pan      | Took an exit into the Abyss.
 70803 | Abyss:1  | Escaped into the Abyss
 70803 | Abyss:1  | Found a corrupted altar of Lugonu.
 70912 | Abyss:1  | Got a clouded platinum amulet
 70925 | Abyss:1  | Identified the amulet of Mirph {RegenMP rElec MP+9} (You found it on level 1 of the Abyss)
 70946 | Depths:2 | Escaped the Abyss
 70992 | D:15     | Gained mutation: Your movements are slightly less encumbered by armour (ER -2). [potion of beneficial mutation]
 70993 | D:15     | Gained mutation: Your spells are a little harder to cast, but a little more powerful. [potion of beneficial mutation]
 71105 | Pan      | Entered Pandemonium
 71136 | Pan      | Gained mutation: You are very weak. (Str -4) [a neqoxec]
 71137 | Pan      | Noticed Coamaon the pandemonium lord
 71160 | Pan      | Killed Coamaon the pandemonium lord
 71366 | Pan      | Gained mutation: Armour fits poorly on your strangely shaped body. [a neqoxec]
 71569 | Pan      | Received a gift from Okawaru
 71573 | Pan      | Got a warped cloak {god gift}
 71574 | Pan      | Identified the +0 cloak of Taimp {god gift, rPois Dex+6} (Okawaru gifted it to you in Pandemonium)
 71643 | Pan      | Found an exit through the horrors of the Abyss.
 72079 | Pan      | Gained mutation: You tend to lose your temper in combat. [a neqoxec]
 72136 | Pan      | Lost mutation: Armour fits poorly on your strangely shaped body. [potion of cure mutation]
 72136 | Pan      | Lost mutation: Your spells are a little harder to cast, but a little more powerful. [potion of cure mutation]
 72136 | Pan      | Lost mutation: You are very weak. (Str -4) [potion of cure mutation]
 72136 | Pan      | Lost mutation: Your movements are slightly less encumbered by armour (ER -2). [potion of cure mutation]
 72136 | Pan      | Lost mutation: You are weak. (Str -2) [potion of cure mutation]
 72136 | Pan      | Lost mutation: You tend to lose your temper in combat. [potion of cure mutation]
 72323 | Pan      | Found an exit through the horrors of the Abyss.
 72434 | Pan      | Noticed Ignacio
 72457 | Pan      | Killed Ignacio
 72757 | Pan      | Received a gift from Okawaru
 72815 | Pan      | Noticed Bega Ysh the pandemonium lord
 72832 | Pan      | Found an exit through the horrors of the Abyss.
 72852 | Pan      | Killed Bega Ysh the pandemonium lord
 73040 | Pan      | Received a gift from Okawaru
 73163 | Pan      | Found an exit through the horrors of the Abyss.
 73663 | Pan      | Gained mutation: You are occasionally teleported next to monsters. [a neqoxec]
 73767 | Pan      | Noticed Xishriawu the pandemonium lord
 74046 | Pan      | Noticed Zaojusch the pandemonium lord
 74510 | Pan      | Received a gift from Okawaru
 74521 | Pan      | Got an ancient cloak {god gift}
 74522 | Pan      | Identified the +1 cloak of Prudence {god gift, SInv} (Okawaru gifted it to you in Pandemonium)
 74560 | Pan      | Noticed Qoreh the pandemonium lord
 74579 | Pan      | Killed Qoreh the pandemonium lord
 74704 | Pan      | Gained mutation: You are clumsy. (Dex -2) [a neqoxec]
 75205 | Pan      | Found an exit through the horrors of the Abyss.
 75305 | Pan      | Found an exit through the horrors of the Abyss.
 75406 | Pan      | Gained mutation: Your magical capacity is low (-10% MP). [a cacodemon]
 75409 | Pan      | Gained mutation: You are very clumsy. (Dex -4) [a neqoxec]
 75822 | Pan      | Noticed Roiqof the pandemonium lord
 75849 | Pan      | Killed Roiqof the pandemonium lord
 76356 | Pan      | Found an exit through the horrors of the Abyss.
 76503 | Pan      | Received a gift from Okawaru
 76969 | Pan      | Received a gift from Okawaru
 76975 | Pan      | Got a sapphire battleaxe {god gift}
 76978 | Pan      | Identified the +6 battleaxe of Cheese {god gift, holy, *Corrode +Inv rN+ Int+2} (Okawaru gifted it to you in Pandemonium)
 76998 | Pan      | Noticed Qoletabb the pandemonium lord
 77001 | Pan      | Paralysed by Qoletabb for 3 turns
 77021 | Pan      | Killed Qoletabb the pandemonium lord
 77225 | Pan      | Reached skill level 27 in Axes
 77300 | Pan      | Noticed Tonipper the pandemonium lord
 77313 | Pan      | Killed Tonipper the pandemonium lord
 77639 | Pan      | Received a gift from Okawaru
 77806 | Pan      | Found an exit through the horrors of the Abyss.
 77936 | Pan      | Noticed Uruisett the pandemonium lord
 77951 | Pan      | Killed Uruisett the pandemonium lord
 78570 | Pan      | Found an exit through the horrors of the Abyss.
 78772 | Pan      | Received a gift from Okawaru
 78980 | Pan      | Gained mutation: You are frail (-10% HP). [a cacodemon]
 78982 | Pan      | Gained mutation: Armour fits poorly on your strangely shaped body. [a cacodemon]
 79136 | Pan      | Noticed Uluan the pandemonium lord
 79265 | Pan      | Killed Uluan the pandemonium lord
 79315 | Pan      | Gained mutation: Potions and wands are less effective at restoring your health. [a neqoxec]
 79347 | Pan      | Found an exit through the horrors of the Abyss.
 79637 | Pan      | Found a runed door.
 79724 | Pan      | Gained mutation: You are very frail (-20% HP). [a cacodemon]
 80089 | Pan      | Found an exit through the horrors of the Abyss.
 80430 | Pan      | Found an exit through the horrors of the Abyss.
 80532 | Pan      | Received a gift from Okawaru
 80628 | Pan      | Noticed Dogioth the pandemonium lord
 80650 | Pan      | Killed Dogioth the pandemonium lord
 80650 | Pan      | Received a gift from Okawaru
 80758 | Pan      | Gained mutation: Your body sometimes deteriorates upon taking damage. [mutagenic glow]
 80796 | Pan      | Noticed Isutiol the pandemonium lord
 80796 | Pan      | Received a gift from Okawaru
 80800 | Pan      | Killed Isutiol the pandemonium lord
 80827 | Pan      | Received a gift from Okawaru
 81057 | Pan      | Gained mutation: Scrolls take you a little longer to read. [a neqoxec]
 81149 | Pan      | Noticed Tyigei the pandemonium lord
 81153 | Pan      | Gained mutation: Your body often deteriorates upon taking damage. [a neqoxec]
 81170 | Pan      | Killed Tyigei the pandemonium lord
 81170 | Pan      | Received a gift from Okawaru
 81240 | Pan      | Received a gift from Okawaru
 81292 | Pan      | Noticed Yntiusch the pandemonium lord
 81340 | Pan      | Killed Yntiusch the pandemonium lord
 81654 | Pan      | Gained mutation: You are extremely frail (-30% HP). [a neqoxec]
 81750 | Pan      | Got a distressingly furry large shield
 81971 | Pan      | Got a scintillating garnet amulet
 81974 | Pan      | Identified the amulet "Otuenug" {RegenMP +Blink Stlth+} (You found it in Pandemonium)
 81985 | Pan      | Got a steaming lead ring
 81988 | Pan      | Identified the ring of Finul {Fire MP+9 Str+2 Dex+4} (You found it in Pandemonium)
 82110 | Pan      | Noticed Omam the pandemonium lord
 82164 | Pan      | Killed Omam the pandemonium lord
 82164 | Pan      | Received a gift from Okawaru
 82468 | Pan      | Received a gift from Okawaru
 82568 | Pan      | Found an exit through the horrors of the Abyss.
 82806 | Pan      | Received a gift from Okawaru
 82820 | Pan      | Got a twitching turquoise ring
 82823 | Pan      | Identified the ring "Ixyptyar" {Fire MR+++ MP+9 Str+3 Int-3} (You found it in Pandemonium)
 82938 | Pan      | Noticed Guifozim the pandemonium lord
 82948 | Pan      | Killed Guifozim the pandemonium lord
 82948 | Pan      | Received a gift from Okawaru
 83205 | Pan      | Received a gift from Okawaru
 83286 | Pan      | Noticed Zuotusto the pandemonium lord
 83300 | Pan      | Killed Zuotusto the pandemonium lord
 83328 | Pan      | Lost mutation: Your magical capacity is low (-10% MP). [potion of beneficial mutation]
 83333 | Pan      | Found an exit through the horrors of the Abyss.
 83490 | Pan      | Noticed Zypsyet the pandemonium lord
 83496 | Pan      | Killed Zypsyet the pandemonium lord
 83636 | Pan      | Noticed Wet Fyar the pandemonium lord
 83650 | Pan      | Killed Wet Fyar the pandemonium lord
 83859 | Pan      | Noticed Cycky the pandemonium lord
 83881 | Pan      | Killed Cycky the pandemonium lord
 83881 | Pan      | Received a gift from Okawaru
 83881 | Pan      | Reached skill level 27 in Fighting
 83930 | Pan      | Gained mutation: Your magical capacity is low (-10% MP). [a cacodemon]
 84263 | Pan      | Noticed Obetoj the pandemonium lord
 84272 | Pan      | Killed Obetoj the pandemonium lord
 84627 | Pan      | Noticed Dathruepe the pandemonium lord
 84637 | Pan      | Killed Dathruepe the pandemonium lord
 84785 | Pan      | Found an exit through the horrors of the Abyss.
 84911 | Pan      | Found a huge runed gate.
 84942 | Pan      | Gained mutation: You have a pair of small antennae on your head. [potion of beneficial mutation]
 84956 | Pan      | Noticed Lough the pandemonium lord
 84984 | Pan      | Killed Lough the pandemonium lord
 85451 | Pan      | Found an exit through the horrors of the Abyss.
 85464 | Pan      | Noticed Saukhlul the pandemonium lord
 85485 | Pan      | Killed Saukhlul the pandemonium lord
 85485 | Pan      | Received a gift from Okawaru
 85568 | Pan      | Received a gift from Okawaru
 85652 | Pan      | Received a gift from Okawaru
 85740 | Pan      | Found an exit through the horrors of the Abyss.
 85872 | Pan      | Noticed Itestrimn the pandemonium lord
 85884 | Pan      | Killed Itestrimn the pandemonium lord
 86049 | Pan      | Noticed Waomoeq the pandemonium lord
 86075 | Pan      | HP: 11/226 [Waomoeq the pandemonium lord (39)]
 86077 | Pan      | Mangled by Waomoeq the pandemonium lord

Vault maps used:
D:1:      nicolae_arrival_washed_ashore
D:2:      lemuel_doored_altar, first_bread
D:3:      makhleb_altar_promises_db
D:4:      kennysheep_mini_moat, tso_altar, minmay_temple_entry_mist, uniq_pikel
D:5:      basic_altar, serial_shops, shop, minmay_misc_feat_rows, uniq_eustachio
D:6:      gammafunk_temple_overflow_wave, lightli_sewer_entry_pipes,
          nicolae_ashenzari_panopticon
D:7:      zin_academy
D:8:      nicolae_ru_great_annihilating_truth
D:9:      old_standard_altar
D:10:     kennysheep_spiral_hall, lair_0_dummy, david_orc_2, basic_altar
D:11:     uniq_psyche, uniq_nergalle, uniq_maud
D:12:     serial_shops, shop, david_nohive_1
D:13:     special_room, uniq_nessos, uniq_josephine
D:14:     david_vaults_5, kennysheep_crisscross, serial_shops, shop,
          shop_fountains, shop, shop_coins, eino_tiny_chamber
D:15:     hangedman_depths_entry_try_elsewhere_first, enter_trove_3,
          kennysheep_doodads
Temple:   circular_temple_12
Lair:1:   serial_bayou_shore_a
Lair:2:   uniq_gastronok
Lair:3:   gammafunk_lair_enchanted_lake, minmay_snake_entry_six_corridors,
          serial_bayou_shore_b, uniq_fannar
Lair:4:   kennysheep_basilisk_garden
Lair:5:   enter_volcano_2, infiniplex_staircase_pool_2
Lair:6:   minmay_shoals_entry_hut, infiniplex_staircase_pool,
          grunt_megastairs_3, serial_bayou_shore_b, uniq_rupert
Lair:7:   dpeg_slime_entry_enclosed_altar, lemuel_old_faithful,
          grunt_megastairs_5
Lair:8:   hangedman_lair_caniforms_friends, wormcave, lemuel_fruit_fields
Shoals:1: nicolae_shoals_cliffside_cave
Shoals:2: uniq_kirke
Shoals:4: shoals_end_simple, shoal_ilsuiw
Snake:2:  serial_shops, shop, grunt_megastairs_1
Snake:3:  st_stairs_7
Snake:4:  johnstein_snake_rune_scales, st_stairs_12, grunt_ministairs_1,
          grunt_megastairs_2, uniq_nikola, uniq_aizul
Slime:2:  cheibrodos_slime_lost_civilization_5
Slime:4:  nicolae_slime_jelly_donut
Slime:5:  nicolae_slime_barrier, cheibrodos_slime_lost_civilization_6
Orc:1:    okawaru_metal_pillars_1_2, uniq_urug
Orc:2:    st_orc_elflike, portal_ice_cave_entry_imps, basic_altar,
          uniq_saint_roka, uniq_donald
Elf:1:    serial_sigils, serial_sigils_hangedman_carve,
          serial_sigils_hangedman_stare, serial_sigils_hangedman_snap,
          serial_sigils_hangedman_shear, serial_shops,
          nicolae_shop_temple_entry_statues_fountains, minmay_elf_annihilation
Elf:2:    serial_shops, shop, nicolae_shop_overgrown_old_shop
Elf:3:    minmay_elf_hall_spiked, serial_shops,
          nicolae_shop_temple_entry_statues_fountains, uniq_roxanne
Vaults:1: grunt_vaults_twisty, nicolae_vaults_stairing_the_circle, v_misc_15,
          vaults_room_hallway, v_misc_27, grunt_vaults_hallway_short,
          vaults_room_pool
Vaults:2: grunt_tower_of_power, hangedman_vaults_hat, ontoclasm_vaults_eye,
          nicolae_vaults_theta, dpeg_vaults_monster_box, ontoclasm_vaults_chip,
          nicolae_vaults_what_the_h, nicolae_vaults_ninety_degrees,
          vaults_room_octagon, nicolae_vaults_little_squares_1,
          ontoclasm_vaults_fault, serial_shops, shop
Vaults:3: v_alt_pattern_2, blue_anna_dwarven_crypt, vaults_room_pool,
          vaults_dpeg_encased_lava, hangedman_vaults_restitches,
          v_alt_pattern_5, vaults_standard_mumra_enter_the_diamond,
          nicolae_vaults_quadrants, v_misc_15, nicolae_vaults_theta,
          vaults_mumra_minichess_inversion, vaults_room_door_hall, serial_shops,
          shop, uniq_mennas
Vaults:4: ontoclasm_vaults_claustrophobia, nicolae_vaults_angled_halls,
          v_pattern_3, vaults_standard_mumra_lines,
          nicolae_vaults_yaktaur_gun_rack, vaults_mumra_chevron,
          hangedman_vaults_locks, grunt_vaults_diagonal, v_rooms_4,
          ontoclasm_vaults_spin, ontoclasm_vaults_gateway,
          ontoclasm_vaults_idyll, nicolae_vaults_gold_heap, vaults_dpeg_ring,
          serial_shops, shop, shop, shop, nicolae_shop_window_shopping,
          nicolae_shop_statue_plus, uniq_boris, uniq_margery
Vaults:5: serial_shops, uniq_jorgrun
Crypt:3:  lightli_unholy_cathedral, tomb_entry_simple_bobbens
Depths:1: minmay_fractal_lines_corner, hangedman_geh_valley, abyss_entry,
          spider_trap, hex_medium, hangedman_decor_growths, evilmike_butchery,
          uniq_mara
Depths:2: minmay_isolated_rectangles_in_corner, abyss_entry, hellmouth_1,
          rand_demon_pan_entry_1, serial_glass, glass_columns_a,
          glass_columns_a, minmay_staircase_windowed_small, uniq_norris
Depths:3: mu_elephants_graveyard, serial_sigils_hangedman_etch, hell_entry,
          rand_demon_pan_entry_4, serial_bayou_shore_b, minmay_staircase_bubble
Depths:4: lemuel_minitomb, enter_ziggurat_f, grunt_pan_entry_zigzag,
          serial_sigils_hangedman_gut, marbit_kobold_abyss_entry, serial_shops,
          shop, hell_entry
Abyss:1:  evilmike_abyss_exit_14
Abyss:2:  hangedman_decor_lopped, abyss_fake_exit
Abyss:4:  evilmike_abyss_exit_15, hangedman_decor_lopped
Pan:      evilmike_mini_pan_corner, nicolae_pan_mnolegish_1,
          nicolae_pan_sick_transit, evilmike_mini_pan_doors,
          pan_blood_fountain_small, reaverb_pan_squares,
          evilmike_mini_pan_branches, grunt_pan_in_and_out, grunt_pan_sceptre,
          pan_blood_fountain_small, lemuel_hall_of_pain, pan_blood_fountain,
          pan_surprise, evilmike_mini_pan_V, pan_blood_fountain,
          nicolae_pan_giant_door, reaverb_pan_chaos_star, gloorx_vloq,
          pan_blood_fountain, evilmike_mini_pan_branches, rand_demon_6,
          evilmike_mini_pan_possible_glass, evilmike_mini_pan_doors_b,
          pan_blood_fountain, nicolae_pan_mnolegish_4, rand_demon_7,
          pan_blood_fountain_small, lom_lobon_grunt, pan_blood_fountain,
          nicolae_pan_cerebovesque_4, rand_demon_4, evilmike_mini_pan_doors_b,
          lemuel_hellion_island, uniq_ignacio, nicolae_pan_gloorx_vloqian_1,
          evilmike_mini_pan_other_thingy, pan_blood_fountain_2, uniq_ignacio,
          nicolae_pan_sigil_uleosi, rand_demon_2, cerebov_grunt, mnoleg_st,
          uniq_ignacio, pan_blood_fountain_small, nicolae_pan_sigil_nadil,
          nicolae_pan_giant_door, rand_demon_3, evilmike_mini_pan_doors_b,
          grunt_pan_zigzag, pan_blood_fountain, nicolae_pan_cerebovesque_2,
          rand_demon_4, pan_blood_fountain_small, grunt_pan_sceptre,
          nicolae_pan_sigil_uleosi, evilmike_mini_pan_layers,
          pan_blood_fountain_small, nicolae_pan_gloorx_vloqian_2,
          evilmike_mini_pan_pillars_b, rand_demon_6, uniq_ignacio,
          nicolae_pan_glass_arcs, evilmike_mini_pan_pillars_b,
          reaverb_pan_figure_eight, rand_demon_3, rand_demon_6,
          pan_blood_fountain_small, evilmike_mini_pan_possible_glass,
          nicolae_pan_double_arrow, rand_demon_9, nicolae_pan_door_chamber,
          grunt_pan_sceptre, evilmike_mini_pan_V, rand_demon_6, rand_demon_9,
          pan_blood_fountain_2, rand_demon_7, pan_blood_fountain_small,
          nicolae_pan_cerebovesque_2, evilmike_mini_pan_pillars_b,
          nicolae_pan_sigil_itan, rand_demon_2, evilmike_mini_pan_doors_b,
          nicolae_pan_cerebovesque_3, pan_captured_pigsty,
          evilmike_mini_pan_doors, pan_blood_fountain_2,
          nicolae_pan_sigil_nadil, nicolae_pan_door_chamber, rand_demon_2,
          pan_blood_fountain, rand_demon_9, pan_blood_fountain, rand_demon_4,
          pan_blood_fountain_2, pan_blood_fountain_small,
          nicolae_pan_sigil_nadil, evilmike_mini_pan_T,
          pan_blood_fountain_small, rand_demon_3, grunt_pan_zigzag,
          nicolae_pan_cerebovesque_1, evilmike_mini_pan_thingy,
          evilmike_mini_pan_thingy, evilmike_mini_pan_pillars,
          pan_blood_fountain_small, nicolae_pan_mnolegish_5,
          evilmike_mini_pan_corner, rand_demon_5, nicolae_pan_lom_lobonic_1,
          rand_demon_1, nicolae_pan_double_arrow, nicolae_pan_sigil_nadil,
          evilmike_mini_pan_doors, evilmike_mini_pan_layers,
          pan_blood_fountain_2, nicolae_pan_lom_lobonic_2, grunt_pan_pentagram,
          pan_blood_fountain_small, nicolae_pan_sigil_obb, grunt_pan_spiral,
          pan_blood_fountain_small, pan_disco_hall, nicolae_pan_cerebovesque_4,
          nicolae_pan_giant_door, rand_demon_6, pan_blood_fountain_small,
          grunt_pan_in_and_out, grunt_pan_pentagram, pan_blood_fountain,
          nicolae_pan_sigil_obb, nicolae_pan_gloorx_vloqian_2
Zig:9:    ziggurat_pillar_centre_dead_trees
Zig:10:   ziggurat_pillar_centre_smoke
Zig:16:   ziggurat_pillar_centre_c
Trove:    trove_alchemists_storehouse
Sewer:    sewer_big_baddie
IceCv:    ice_cave_caverns_02
Volcano:  volcano_overflow

Skill      XL: |  1  2  3  4  5  6  7  8  9 10 11 12 13 14 15 16 17 18 19 20 21 22 23 24 25 26 27 |
---------------+----------------------------------------------------------------------------------+-----
Fighting       | 3 4 5 6 7 8 9 10 11 12 13 15 16 17 18 19 20 27 | 27.0
Dodging        | 3 4 5 6 7 8 9 10 11 13 14 15 16 19 22 | 22.6
Invocations    | 2 5 7 8 10 | 10.0
Axes           | 3 6 9 10 13 14 15 27 | 27.0
Throwing       | 4 7 8 10 | 10.2
Evocations     | 10 | 10.9
Armour         | 7 10 12 13 15 16 18 19 22 | 22.0
Spellcasting   | 2 4 5 |  5.6
Slings         | 8 |  8.7
Charms         | 10 | 10.6
Translocations | 3 |  3.7
Stealth        | |  1.1
Unarmed Combat | |  4.0

Action                   |  1- 3 |  4- 6 |  7- 9 | 10-12 | 13-15 | 16-18 | 19-21 | 22-24 | 25-27 || total
-------------------------+-------+-------+-------+-------+-------+-------+-------+-------+-------++-------
Melee: Unarmed           |    81 |   109 |   269 |   291 |       |       |       |       |       ||   750
       Punch             |       |     1 |     7 |    12 |     3 |       |       |       |       ||    23
       Battleaxe         |       |       |       |   311 |  1272 |  1289 |  1187 |   742 |  1518 ||  6319
       Falchion          |       |       |       |       |    26 |       |       |       |       ||    26
       Flail             |       |       |       |       |     3 |       |       |       |       ||     3
       Lajatang          |       |       |       |       |       |       |     7 |       |       ||     7
       Executioner's axe |       |       |       |       |       |       |       |   329 |  3591 ||  3920
Throw: Stone             |     1 |     5 |       |       |       |       |       |       |       ||     6
       Javelin           |       |       |    31 |    41 |     3 |     9 |       |       |       ||    84
       Large rock        |       |       |       |     7 |   127 |    62 |    92 |   236 |   473 ||   997
 Cast: Song of Slaying   |       |       |       |       |       |       |       |       |     6 ||     6
       Repel Missiles    |       |       |       |       |       |       |       |       |     2 ||     2
Invok: Heroism           |       |       |     1 |    17 |    37 |    34 |    20 |    28 |   103 ||   240
       Finesse           |       |       |       |     8 |    10 |    10 |     7 |    13 |    43 ||    91
Evoke: Wand              |       |       |     5 |     5 |    11 |       |     3 |     3 |    45 ||    72
       Deck              |       |       |       |       |     2 |       |       |       |       ||     2
       Phial of floods   |       |       |       |       |     1 |     1 |     3 |       |     6 ||    11
       Fan of gales      |       |       |       |       |     1 |       |     1 |       |     7 ||     9
       Stone of tremors  |       |       |       |       |       |     1 |     1 |     1 |     3 ||     6
       Box of beasts     |       |       |       |       |       |     6 |     6 |       |    37 ||    49
       Sack of spiders   |       |       |       |       |       |       |     2 |       |    49 ||    51
       Rod               |       |       |       |       |       |       |       |     8 |       ||     8
       Lamp of fire      |       |       |       |       |       |       |       |       |     8 ||     8
  Use: Scroll            |     2 |     3 |    14 |    12 |    18 |    22 |    11 |    18 |   106 ||   206
       Potion            |       |     1 |       |    13 |     4 |    20 |     7 |    12 |    59 ||   116
 Stab: Sleeping          |     1 |     1 |     2 |     2 |    11 |     3 |       |       |     1 ||    21
       Invisible         |       |     1 |       |     5 |     2 |    23 |       |    14 |    25 ||    70
       Paralysed         |       |       |     1 |       |       |       |       |       |     2 ||     3
       Distracted        |       |       |       |       |       |     3 |     5 |     1 |     3 ||    12
       Held in net/web   |       |       |       |       |       |       |     1 |       |       ||     1
       Petrifying        |       |       |       |       |       |       |       |       |     3 ||     3
       Petrified         |       |       |       |       |       |       |       |       |     1 ||     1
  Eat: Chunk             |    19 |    11 |    46 |    59 |   155 |    87 |    77 |    95 |   192 ||   741
       Beef jerky        |       |       |       |       |       |     5 |     1 |       |    12 ||    18
       Fruit             |       |       |       |       |       |     3 |     3 |       |    13 ||    19
       Bread ration      |       |       |       |       |       |       |     1 |       |    15 ||    16
       Royal jelly       |       |       |       |       |       |       |       |     1 |     3 ||     4
       Pizza             |       |       |       |       |       |       |       |       |     4 ||     4
Armor: Robe              |    32 |    31 |   117 |   186 |   382 |   164 |       |       |       ||   912
       Fire dragon armou |       |       |       |       |       |   282 |   305 |       |       ||   587
       Gold dragon armou |       |       |       |       |       |       |   475 |  1112 |  3483 ||  5070
Dodge: Dodged            |    44 |    65 |   226 |   701 |  1357 |  1596 |  1132 |  1445 |  5691 || 12257
       Deflected         |       |       |       |       |       |       |       |       |     3 ||     3
